 Dungeon Crawl Stone Soup version 0.17.1-2-g5865329 (webtiles) character file.

584831 skimmer the Eclecticist (level 26, -2/171 HPs)
             Began as a High Elf Fire Elementalist on Jan 25, 2016.
             Was a High Priest of Ru.
             Splashed by an acid blob's acid (4 damage)
             ... created by the royal jelly
             ... on level 5 of the Pits of Slime on Jan 31, 2016.
             The game lasted 21:03:32 (139663 turns).

skimmer the Eclecticist (HEFE)                    Turns: 139663, Time: 21:03:32

Health: -2/171     AC: 17    Str: 14    XL:     26   Next: 4%
Magic:  3/48       EV: 31    Int: 40    God:    Ru [*****.]
Gold:   1692       SH: 20    Dex: 25    Spells: 16 memorised, 4 levels left

rFire  + + +     SeeInvis +     Q - +7 demon blade of Crawling {pain, +Fly Int+3}
rCold  + + +     Clarity  .     e - +0 ice dragon armour
rNeg   . . .     SustAt   .     d - +6 shield "Obukoaq" {rC+ MR++ SInv}
rPois  .         Gourm    .     Z - +0 helmet of Cyter {rElec Int+8 Slay-4}
rElec  +         Spirit   .     f - +0 cloak {rF+}
rCorr  +         Warding  .     A - +0 pair of gloves "Roumpeqi" {Str+8}
rMut   .         Stasis   .     P - +2 pair of boots {run}
MR     ++++.                    n - amulet of resist corrosion
Stlth  ..........               W - ring "Megut" {rF+++ Dex+6}
                                v - ring of Shaolin {EV+8}

@: corroded equipment, no scrolls, non-regenerating, badly diseased, deflect
missiles, quick, incredibly resistant to hostile enchantments, extremely
unstealthy
A: frail 1, screaming 1, weak 1, inability to read while threatened, no stealth,
inability to use devices, slow reflexes 1, MP-powered wands
a: Sacrifice Courage, Sacrifice Essence, Sacrifice Health, Reject Sacrifices,
Draw Out Power, Power Leap, Apocalypse, Renounce Religion
}: 3/15 runes: decaying, silver, gossamer


You were on level 5 of the Pits of Slime.
You worshipped Ru.
Ru was extremely pleased with you.
You were hungry.

You visited 10 branches of the dungeon, and saw 55 of its levels.
You also visited: Labyrinth, Sewer, Ossuary, Bailey, Ice Cave and Volcano.

You collected 7401 gold pieces.
You spent 5709 gold pieces at shops.

Inventory:

Hand Weapons
 q - the +7 rapier of the Open Hand {pierce, rC+ MR+ Int+4}
   (You found it on level 5 of the Vaults)

   It inflicts extra damage upon your enemies.
   It affects your intelligence (+4).
   It protects you from cold.
   It affects your resistance to hostile enchantments.
 Q - the +7 demon blade of Crawling (weapon) {pain, +Fly Int+3}
   (You found it in an ice cave)

   In the hands of one skilled in necromantic magic, it inflicts extra damage on
   living creatures.
   It affects your intelligence (+3).
   It lets you fly.
Armour
 d - the +6 shield "Obukoaq" (worn) {rC+ MR++ SInv}
   (You acquired it on level 4 of the Orcish Mines)

   It protects you from cold.
   It affects your resistance to hostile enchantments.
   It lets you see invisible.
 e - a +0 ice dragon armour (worn)
 f - a +0 cloak of fire resistance (worn)
 h - a +1 cloak of cold resistance
 A - the +0 pair of gloves "Roumpeqi" (worn) {Str+8}
   (You found it on level 3 of the Elven Halls)

   It affects your strength (+8).
 I - the +2 pair of gloves "Zomezex" {rN+ MR+}
   (You found it on level 2 of the Vaults)

   It protects you from negative energy.
   It affects your resistance to hostile enchantments.
 P - a +2 pair of boots of running (worn)
 T - a +2 fire dragon armour
 Z - the +0 helmet of Cyter (worn) {rElec Int+8 Slay-4}
   (You bought it in a shop on level 4 of the Orcish Mines)

   It affects your intelligence (+8).
   It affects your accuracy and damage with ranged weapons and melee attacks
   (-4).
   It insulates you from electricity.
Jewellery
 b - the ring of Ojeug {rElec rN+ Stlth+}
   (You found it on level 7 of the Dungeon)

   [ring of positive energy]

   It insulates you from electricity.
   It protects you from negative energy.
   It makes you more stealthy.
 n - an amulet of resist corrosion (around neck)
 v - the ring of Shaolin (left hand) {EV+8}
   (You took it off a spriggan on level 2 of the Swamp)

   [ring of evasion]

   It affects your evasion (+8).
 R - the amulet "Looguoh" {Ward rN+ MR+ Str+2 Slay+3 SInv}
   (You bought it in a shop on level 4 of the Orcish Mines)

   [amulet of warding]

   It may prevent the melee attacks of summoned creatures.
   It affects your strength (+2).
   It affects your accuracy and damage with ranged weapons and melee attacks
   (+3).
   It protects you from negative energy.
   It affects your resistance to hostile enchantments.
   It lets you see invisible.
 W - the ring "Megut" (right hand) {rF+++ Dex+6}
   (You took it off a tengu reaver on level 4 of the Vaults)

   [ring of dexterity]

   It affects your dexterity (+6).
   It renders you almost immune to fire.
Scrolls
 a - 8 scrolls of identify
 g - 6 scrolls of blinking
 j - 26 scrolls of teleportation
 t - 5 scrolls of magic mapping
 z - 2 scrolls of holy word
 B - 10 scrolls of remove curse
 N - 2 scrolls of fear
 O - 8 scrolls of fog
Potions
 m - 23 potions of curing
 o - 6 potions of invisibility
 p - a potion of heal wounds
 r - 6 potions of flight
 u - 2 potions of magic
 x - 6 potions of might
 G - 2 potions of resistance
 V - 4 potions of haste
 X - 6 potions of cancellation
Comestibles
 c - 41 bread rations
 C - 21 meat rations
 H - a royal jelly


   Skills:
 + Level 18.9 Fighting
 - Level 14.0 Long Blades
 - Level 17.0 Armour
 - Level 20.0 Dodging
 - Level 13.0 Shields
 - Level 20.1 Spellcasting
 - Level 19.0 Conjurations
 - Level 5.7 Charms
 - Level 6.4 Summonings
 - Level 7.0 Fire Magic
 * Level 15.6 Air Magic
 - Level 7.0 Earth Magic


You had 4 spell levels left.
You knew the following spells:

 Your Spells              Type           Power        Failure   Level  Hunger
a - Flame Tongue          Conj/Fire      #####        0%          1    None
b - Throw Flame           Conj/Fire      ######       1%          2    None
c - Conjure Flame         Conj/Fire      #######.     1%          3    None
d - Sticky Flame          Conj/Fire      #######.     1%          4    None
e - Fireball              Conj/Fire      #######...   1%          5    None
f - Iskenderun's Mystic   Conj           ########     0%          4    None
g - Gell's Gravitas       Hex/Tloc       #####.....   10%         3    None
h - Mephitic Cloud        Conj/Pois/Air  #######.     1%          3    None
i - Lee's Rapid Deconstr  Erth           #######...   4%          5    None
j - Bolt of Fire          Conj/Fire      #######...   1%          6    None
k - Iron Shot             Conj/Erth      #######...   1%          6    None
l - Apportation           Tloc           #####.....   2%          1    None
m - Delayed Fireball      Conj/Fire      N/A          12%         7    None
n - Spellforged Servitor  Conj/Summ      #######...   14%         7    None
o - Regeneration          Chrm/Necr      ######....   2%          3    None
p - Deflect Missiles      Chrm/Air       #######...   6%          6    None


Dungeon Overview and Level Annotations

Branches:
Dungeon (15/15)            Temple (1/1) D:5            Lair (8/8) D:11
  Swamp (4/4) Lair:3       Spider (4/4) Lair:6        Slime (6/6) Lair:7
    Orc (4/4) D:12            Elf (3/3) Orc:4        Vaults (5/5) D:14
  Crypt (0/3) Vaults:3     Depths (5/5) D:15            Zot (0/5) Depths:5

Altars:
Ashenzari
Cheibriados
Dithmenos
Elyvilon
Fedhas
Gozag
Kikubaaqudgha
Makhleb
Nemelex Xobeh
Okawaru
Qazlal
Ru
Sif Muna
Trog
Vehumet
Xom
Yredelemnul
Zin
The Shining One
Beogh

Shops:
D:8 (!*[   D:9 *   D:12 *   Orc:1 (   Orc:4 (=[*   Elf:1 *   Elf:3 *
Vaults:2 ?   Vaults:4 %   Depths:2 }

Portals:
Hell: Depths:1 Depths:2 Depths:3 Depths:4 Depths:5
Abyss: Depths:1 Depths:2 Depths:4 Depths:5
Pandemonium: Depths:3
Ziggurat: Depths:4
Trove: D:11 (give 2 potions of cure mutation)

Annotations:
Lair:2 stash


Innate Abilities, Weirdness & Mutations

You cannot read scrolls while threatened.
You cannot be stealthy.
You cannot study or use magical devices.
You have somewhat slow reflexes. (-3 EV)
You are frail (-10% HP).
You occasionally shout uncontrollably at your foes.
You are weak. (Str -2)
You expend magic power (3 MP) to strengthen your wands.


Message History

* * * LOW HITPOINT WARNING * * *
You focus your will and illuminate the acid blob in retribution!
You block the death ooze's attack. x2
The death ooze hits you!
* * * LOW HITPOINT WARNING * * *
You feel ill.
Your flesh rots away!
Your flesh rots away!
The death ooze completely misses you.
Okay, then.
Read which item? (? for menu, Esc to quit)
Okay, then.
Drink which item? (? for menu, Esc to quit)
You feel much better. You block the azure jelly's attack.
You block the azure jelly's attack. The azure jelly misses you.
You block the azure jelly's attack. The azure jelly barely misses you.
The azure jelly completely misses you. You block the azure jelly's attack.
The azure jelly hits you but does no damage.
The acid blob hits you!!
* * * LOW HITPOINT WARNING * * *
You are splashed with acid!
The acid burns!
You resist.
You die...

#. #......###....# ...
##........#..#
#.######..........#
##.##.#............#
#..............##.##
#.##.....#.....# # ###
##.............## ##.##
##.......J.J....##
#...###.........@J.....#
##.###..........JJ....##
....#.......<.....<....#
......................##
............#........##
...........#......#.##
.#.###..#.###......##
......##### ##....##
........#.## ##.###


You could see an acid blob, 2 azure jellies and 2 death oozes.

Vanquished Creatures
  the royal jelly (Slime:6)
  An ancient lich (Vaults:4)
  A juggernaut (Depths:5)
  Sojobo (Vaults:4)
  Frederick (Depths:5)
  Norris (Elf:3)
  6 golden dragons
  Nikola (Vaults:2)
  A bone dragon (Swamp:3)
  Arachne (Spider:2)
  Rupert (Orc:4)
  4 tentacled monstrosities
  4 titans
  3 deep elf blademasters
  Asterion (Vaults:1)
  A deep elf master archer (Elf:3)
  5 sphinxes
  3 liches
  3 thorn hunters
  Agnes (D:14)
  5 shadow dragons
  5 tengu reavers
  15 acid blobs
  3 storm dragons (Vaults:5)
  3 draconian monks
  8 fire giants
  The ghost of Rogan the Executioner, a journeyman MiBe of Trog (Swamp:4)
  3 ghost moths (Spider:4)
  6 azure jellies
  A draconian knight (Depths:5)
  3 orc warlords
  3 iron dragons
  5 greater nagas (Depths:1)
  Maud (Lair:8)
  8 frost giants
  12 vault wardens
  5 deep elf sorcerers
  Louise (Depths:2)
  7 emperor scorpions
  4 spriggan defenders
  14 ironheart preservers
  4 draconian annihilators (Depths:5)
  5 war gargoyles
  22 very ugly things
  3 green draconians (Depths:5)
  19 stone giants
  Nessos (Lair:8)
  3 black draconians (Depths:5)
  The ghost of cba the Unseen, a journeyman FeMo of Dithmenos (Depths:1)
  3 salamander stormcallers
  Azrael (D:14)
  2 vampire knights (Depths:2)
  12 deep elf annihilators
  4 purple draconians (Depths:5)
  A white draconian (Depths:5)
  8 deep elf demonologists
  6 red draconians (Depths:5)
  10 deep elf death magi
  An ettin (shapeshifter) (Vaults:5)
  10 ettins
  A merfolk javelineer (Depths:2)
  A crystal guardian (Vaults:4)
  8 fire dragons
  28 vault guards
  10 death oozes
  The ghost of PossumBlood the Markself, a journeyman HEHu of Okawaru (D:13)
  2 jiangshi (Depths:5)
  23 yaktaur captains
  Josephine (D:14)
  2 merfolk impalers
  A minotaur (Lab)
  9 ice dragons
  5 deep elf high priests
  14 great orbs of eyes
  19 hydras
  12 ogre magi
  Harold (D:10)
  2 naga warriors (Depths:1)
  9 entropy weavers
  3 catoblepae (Lair:8)
  A hell beast (Depths:3)
  3 spriggan air magi
  11 centaur warriors
  5 anacondas (Depths:1)
  8 deep troll earth magi
  7 rakshasas
  10 deep troll shamans
  17 dancing weapons
  4 ghost crabs
  2 tengu warriors (D:13)
  An anaconda (shapeshifter) (Vaults:4)
  12 death yaks
  3 vampire magi
  8 alligators
  5 spriggan berserkers
  2 orc high priests
  41 spriggans
  A sun demon (Depths:3)
  27 deep elf knights
  2 flayed ghosts
  28 deep trolls
  A fire crab (Vaults:3)
  A deep troll (shapeshifter) (Vaults:5)
  A storm dragon skeleton (Depths:1)
  17 skeletal warriors
  2 golden dragon zombies (Depths:1)
  2 ice devils (IceCv)
  2 iron trolls
  4 death drakes
  6 spriggan druids
  7 deep elf summoners
  3 shadow wraiths
  A lindwurm (shapeshifter) (Vaults:4)
  4 giant orange brains
  A giant orange brain (shapeshifter) (Vaults:5)
  A spectral hydra (Swamp:4)
  6 swamp dragons
  2 shambling mangroves (Swamp:1)
  A sphinx zombie (Depths:3)
  20 orb spiders
  3 phantasmal warriors
  33 wolf spiders
  3 harpies (Vaults:4)
  An unseen horror (Vaults:1)
  71 ugly things
  8 hill giants
  3 necromancers
  10 ironbrand convokers
  A frost giant zombie (Depths:2)
  6 lindwurms
  2 oklob plants
  A mana viper (shapeshifter) (Vaults:5)
  3 hornets (shapeshifter)
  A wolf spider zombie (D:15)
  8 shining eyes
  9 orc sorcerers
  A shadow dragon skeleton (Depths:1)
  20 deep elf conjurers
  8 griffons
  16 orc knights
  A moth of wrath (shapeshifter) (Vaults:4)
  24 elephants
  A water nymph (shapeshifter) (Depths:5)
  4 manticores
  A sphinx skeleton (Volcano)
  10 hornets
  4 guardian serpents (Depths:1)
  A fire giant skeleton (Depths:2)
  4 black mambas
  Maurice (D:12)
  A guardian serpent (shapeshifter) (Vaults:4)
  A wizard (D:13)
  6 cyclopes
  4 molten gargoyles (Depths:4)
  2 naga magi
  2 ice statues (IceCv)
  A frost giant skeleton (Depths:2)
  8 centaur skeletons
  16 vault sentinels
  20 spiny frogs
  4 torpor snails
  13 eyes of devastation
  2 spiny frogs (shapeshifter)
  A yaktaur (shapeshifter) (Vaults:4)
  A rust devil (Depths:3)
  5 kobold demonologists (Vaults:3)
  5 komodo dragons
  An elf zombie (Depths:2)
  5 spectral swamp worms (Depths:1)
  The ghost of Beholder179 the Shooter, a novice HEHu of Yredelemnul (D:6)
  5 swamp worm zombies (Swamp:4)
  55 yaktaurs
  An efreet (D:14)
  6 demonic crawlers
  A guardian mummy (Volcano)
  7 blue devils
  2 fire drakes
  8 tengu conjurers
  5 trolls
  18 deep elf priests
  A blink frog (shapeshifter) (Elf:2)
  5 hydra zombies (Swamp:4)
  4 polar bears
  A troll (shapeshifter) (Vaults:4)
  35 jumping spiders
  15 giant leeches
  2 wind drakes (Depths:5)
  27 blink frogs
  A polar bear (shapeshifter) (Vaults:5)
  2 queen bees (shapeshifter)
  10 freezing wraiths
  2 snapping turtles (shapeshifter)
  A wolf spider simulacrum (D:15)
  7 boulder beetles
  A queen bee (Lair:2)
  3 alligator zombies (Swamp:4)
  2 minotaur skeletons (Volcano)
  17 two-headed ogres
  10 bog bodies
  211 slime creatures
  3 spectral swamp dragons (Swamp:4)
  26 trapdoor spiders
  2 spriggans (shapeshifter)
  2 flying skulls (Volcano)
  A centaur simulacrum (D:15)
  40 deep elf magi
  Sigmund (D:3)
  4 wraiths
  50 yaks
  3 air elementals (Depths:2)
  6 fire elementals
  4 vampires (Volcano)
  50 redbacks
  7 water elementals
  33 tarantellas
  15 hippogriffs
  12 golden eyes
  2 basilisks (shapeshifter)
  38 vampire mosquitoes
  7 basilisks
  5 shadows
  8 wyverns
  A hill giant skeleton (Volcano)
  5 mottled dragons
  6 hungry ghosts (Lab)
  63 deep elf fighters
  25 swamp worms
  Menkaure (D:4)
  A steam dragon (shapeshifter) (Vaults:1)
  17 wolves
  21 water moccasins
  Edmund (D:4)
  22 insubstantial wisps
  A steam dragon (D:8)
  10 nagas (Depths:1)
  A soldier ant (D:13)
  5 wargs
  3 hell hounds (D:14)
  A merfolk skeleton (Volcano)
  12 porcupines
  5 ice beasts
  2 soldier ants (shapeshifter)
  34 spiders
  53 orc warriors
  An ice beast (shapeshifter) (Depths:5)
  A necrophage (D:8)
  2 swamp dragon zombies (Swamp:4)
  4 sky beasts
  6 eyes of draining
  45 ogres
  8 phantoms
  21 swamp drakes
  31 wasps
  28 centaurs
  3 black bears
  5 boggarts (Depths:2)
  A manticore skeleton (Volcano)
  6 big kobolds
  27 giant frogs
  21 crocodiles
  2 water moccasin zombies (Ossuary)
  A wyvern zombie (D:12)
  43 killer bees
  An earth elemental (Depths:4)
  4 scorpions
  4 wights (D:8)
  39 jellies
  2 spriggan skeletons
  A human simulacrum (Vaults:3)
  8 electric eels
  A troll skeleton (Lab)
  2 quasits
  6 crimson imps
  2 wyvern simulacra
  4 centaur zombies
  21 orc priests
  2 giant frog skeletons
  A giant frog zombie (D:9)
  A gnoll shaman (D:7)
  An iron imp (Depths:5)
  8 hounds
  A two-headed ogre skeleton (Volcano)
  9 iguanas
  2 spectral swamp drakes (Swamp:4)
  A hell rat (Lair:7)
  40 orc wizards
  A siren (Sewer)
  10 worker ants
  A merfolk avatar (Sewer)
  A killer bee zombie (D:8)
  14 sheep
  2 big kobold zombies (Ossuary)
  An ogre skeleton (Volcano)
  A hound skeleton (D:11)
  2 hound zombies
  3 mummies
  20 gnolls
  108 river rats
  2 swamp drake zombies (Swamp:4)
  24 adders
  6 shadow imps
  8 white imps (IceCv)
  3 ufetubi (IceCv)
  3 oozes
  6 adder zombies
  An adder skeleton (D:7)
  9 worms
  6 giant geckos
  183 orcs
  11 ball pythons
  10 bats
  3 giant cockroaches
  10 goblins
  5 hobgoblins
  6 quokkas
  A giant gecko skeleton (D:4)
  9 giant newts
  5 hobgoblin zombies (Ossuary)
  20 jackals
  2 jackal skeletons
  35 kobolds
  5 kobold zombies (Ossuary)
  2 orc zombies (Ossuary)
  A quokka skeleton (D:9)
  A quokka zombie (D:7)
  50 rats
  A spectral orc (D:6)
  A butterfly (Lair:2)
  5 fire vortices
  10 fungi
  4 plants
3163 creatures vanquished.

Vanquished Creatures (collateral kills)
  A vault guard (Vaults:5)
  A hornet (Vaults:5)
  A yaktaur (Vaults:5)
  A slime creature (Slime:5)
4 creatures vanquished.

Vanquished Creatures (others)
  A titan (Vaults:4)
  An acid blob (Slime:6)
  The ghost of Mysteryquy the Severer, an adept HOFi of Okawaru (Elf:1)
  2 tengu reavers (Vaults:5)
  An ironheart preserver (Vaults:5)
  A spriggan defender (Depths:3)
  A very ugly thing (Vaults:4)
  An ettin (Vaults:1)
  A deep elf death mage (Elf:3)
  A death ooze (Slime:6)
  2 yaktaur captains (Depths:4)
  A rakshasa (Depths:4)
  A centaur warrior (Depths:3)
  2 hydras
  A vault guard (D:14)
  A death yak (Lair:8)
  A deep troll earth mage (Depths:5)
  A giant orange brain (Vaults:3)
  A phantasmal warrior (Vaults:5)
  A deep elf conjurer (Elf:2)
  An orc sorcerer (Vaults:5)
  A kobold demonologist (D:14)
  A blue devil (IceCv)
  A giant leech (Swamp:2)
  3 slime creatures
  A jumping spider (Spider:3)
  A tarantella (Spider:3)
  A redback (Spider:4)
  A spriggan (shapeshifter) (Depths:2)
  A water elemental (D:14)
  A vampire mosquito (Vaults:3)
  A wasp (Depths:5)
  3 ogres
  A big kobold (D:11)
  A scorpion (D:14)
  An electric eel (D:14)
  A crimson imp (D:7)
  A worker ant (D:14)
  A sheep (Lair:3)
  2 white imps (IceCv)
  4 ufetubi (IceCv)
  A bush (Depths:5)
  A fire vortex (Depths:5)
  39 fungi
  125 plants
218 creatures vanquished.

Grand Total: 3385 creatures vanquished

Notes
Turn   | Place    | Note
--------------------------------------------------------------
     0 | D:1      | skimmer the High Elf Fire Elementalist began the quest for the Orb.
     0 | D:1      | Reached XP level 1. HP: 11/11 MP: 4/4
   115 | D:1      | Reached skill level 1 in Fighting
   238 | D:1      | Reached XP level 2. HP: 18/18 MP: 3/6
   242 | D:1      | Learned a level 2 spell: Throw Flame
  1304 | D:2      | Reached XP level 3. HP: 24/24 MP: 1/7
  1376 | D:2      | Learned a level 3 spell: Conjure Flame
  1851 | D:3      | Found a sparkling altar of Nemelex Xobeh.
  1854 | D:3      | Noticed Sigmund
  1986 | D:3      | Found a glowing drain.
  1991 | Sewer    | Entered a sewer
  2286 | Sewer    | Reached XP level 4. HP: 30/30 MP: 8/8
  2871 | Sewer    | Reached XP level 5. HP: 36/36 MP: 9/9
  3508 | D:2      | Reached skill level 4 in Fighting
  3798 | D:3      | Killed Sigmund
  3798 | D:3      | Reached XP level 6. HP: 42/44 MP: 7/12
  4023 | D:3      | Reached skill level 5 in Fighting
  4167 | D:3      | Found a faded altar to an unknown god.
  4379 | D:3      | Found a shimmering altar of Xom.
  4386 | D:3      | Found an iron altar of Okawaru.
  4545 | D:4      | Reached XP level 7. HP: 50/50 MP: 11/13
  5096 | D:4      | Noticed Edmund
  5118 | D:4      | Killed Edmund
  5118 | D:4      | Reached skill level 6 in Fighting
  5412 | D:4      | Reached skill level 5 in Dodging
  5489 | D:4      | Found a snail-covered altar of Cheibriados.
  5763 | D:4      | Noticed Menkaure
  5876 | D:4      | Killed Menkaure
  5876 | D:4      | Reached XP level 8. HP: 58/58 MP: 12/15
  6129 | D:5      | Entered Level 5 of the Dungeon
  6602 | D:5      | Found a white marble altar of Elyvilon.
  6614 | D:5      | Found a staircase to the Ecumenical Temple.
  6623 | Temple   | Entered the Ecumenical Temple
  6724 | D:5      | Reached skill level 7 in Fighting
  6794 | D:5      | Found an opulent altar of Gozag.
  7396 | D:6      | Noticed Beholder179's ghost (novice HEHu)
  7421 | D:6      | Killed Beholder179's ghost
  7421 | D:6      | Reached skill level 5 in Spellcasting
  7561 | D:5      | Learned a level 4 spell: Sticky Flame
  7583 | D:6      | Reached skill level 8 in Fighting
  7980 | D:6      | Found a sacrificial altar of Ru.
  7997 | D:6      | Became a worshipper of Ru the Awakened
  8305 | D:6      | Found a basalt altar of Yredelemnul.
  8768 | D:7      | Reached XP level 9. HP: 66/66 MP: 15/17
  8828 | D:7      | Reached skill level 5 in Conjurations
  8930 | D:7      | Found a bloodstained altar of Trog.
  8944 | D:7      | Found a sand-covered staircase.
  8958 | Ossuary  | Entered an ossuary
  9303 | Ossuary  | Gained mutation: You cannot read scrolls while threatened. [Ru sacrifice]
  9303 | Ossuary  | Reached * piety under Ru
  9559 | D:7      | Reached skill level 9 in Fighting
  9953 | D:7      | Got a slimy granite ring
  9954 | D:7      | Identified the ring of Ojeug {rElec rN+ Stlth+} (You found it on level 7 of the Dungeon)
  9969 | D:7      | Found a deep blue altar of Sif Muna.
  9996 | D:7      | Found an ancient bone altar of Kikubaaqudgha.
 10910 | D:8      | Noticed a brown ugly thing
 10951 | D:8      | Reached skill level 10 in Fighting
 11025 | D:8      | Found an opulent altar of Gozag.
 11125 | D:8      | Killed a brown ugly thing
 11125 | D:8      | Reached XP level 10. HP: 32/76 MP: 11/20
 11690 | D:8      | Found Usisedac's Distillery.
 11703 | D:8      | Bought a potion of curing for 42 gold pieces
 11703 | D:8      | Bought a potion of haste for 140 gold pieces
 11703 | D:8      | Bought a potion of curing for 42 gold pieces
 11703 | D:8      | Bought a potion of curing for 42 gold pieces
 11703 | D:8      | Bought a potion of curing for 42 gold pieces
 11703 | D:8      | Bought a potion of curing for 42 gold pieces
 12151 | D:8      | Found Vivogg's Antique Armour Boutique.
 12221 | D:8      | Found Bopeh's General Store.
 12381 | D:8      | Found a radiant altar of Vehumet.
 12403 | D:8      | Gained mutation: You cannot study or use magical devices. [Ru sacrifice]
 12403 | D:8      | Reached ** piety under Ru
 12403 | D:8      | Reached *** piety under Ru
 12403 | D:8      | Reached **** piety under Ru
 12712 | D:8      | Found Huzusm's Antique Weapon Shoppe.
 13179 | D:9      | Found Zin's Purification Station.
 13179 | D:9      | Found a glowing silver altar of Zin.
 13202 | D:9      | Noticed a hill giant
 13218 | D:9      | Killed a hill giant
 13218 | D:9      | Reached skill level 11 in Fighting
 13218 | D:9      | Reached skill level 5 in Fire Magic
 13583 | D:8      | Bought a pitted leather armour for 175 gold pieces
 13593 | D:8      | Identified the +1 leather armour of Forking Paths {-Cast Int+4} (You bought it in a shop on level 8 of the Dungeon)
 14403 | D:9      | Got a faintly humming cloak
 14409 | D:9      | Identified the +3 cloak of Xuuneaw {Regen+ Str+3} (You found it on level 9 of the Dungeon)
 14465 | D:10     | Entered Level 10 of the Dungeon
 14474 | D:10     | Reached skill level 1 in Long Blades
 14630 | D:10     | Found a shadowy altar of Dithmenos.
 14678 | D:10     | Noticed Harold
 15130 | D:10     | Killed Harold
 15140 | D:10     | Learned a level 5 spell: Fireball
 15846 | D:10     | Reached XP level 11. HP: 83/83 MP: 8/23
 15986 | D:10     | Gained mutation: You have somewhat slow reflexes. (-3 EV) [Ru sacrifice]
 15986 | D:10     | Reached ***** piety under Ru
 16338 | D:11     | Noticed a hill giant
 16456 | D:11     | Found a staircase to the Lair.
 17649 | D:11     | Killed a hill giant
 17782 | D:11     | Reached skill level 10 in Dodging
 18187 | D:11     | Found a portal to a secret trove of treasure.
 18234 | D:12     | Reached skill level 5 in Long Blades
 18263 | D:12     | Found a labyrinth entrance.
 18270 | Lab      | Entered a labyrinth
 20782 | Lab      | Noticed a minotaur
 20805 | Lab      | Killed a minotaur
 20951 | D:12     | Found a staircase to the Orcish Mines.
 21287 | D:12     | Found Gonoronlu's Assorted Antiques.
 21295 | D:12     | Bought a leatherbound book for 375 gold pieces
 21300 | D:12     | Learned a level 4 spell: Iskenderun's Mystic Blast
 21326 | D:12     | Found a roughly hewn altar of Beogh.
 21450 | D:12     | Learned a level 3 spell: Gell's Gravitas
 21483 | D:12     | Noticed Maurice
 21491 | D:12     | Killed Maurice
 21927 | D:13     | Reached XP level 12. HP: 85/90 MP: 26/26
 21942 | D:13     | Noticed a skeletal warrior
 21942 | D:13     | Noticed a skeletal warrior
 21942 | D:13     | Noticed a skeletal warrior
 21942 | D:13     | Noticed a skeletal warrior
 22172 | D:12     | Killed a skeletal warrior
 22261 | D:12     | Killed a skeletal warrior
 22453 | D:12     | Killed a skeletal warrior
 22537 | D:12     | Killed a skeletal warrior
 22660 | D:13     | Noticed a centaur warrior
 22665 | D:13     | Killed a centaur warrior
 22973 | D:13     | Reached skill level 12 in Fighting
 23069 | D:13     | Noticed PossumBlood's ghost (journeyman HEHu)
 23088 | D:13     | Killed PossumBlood's ghost
 23582 | D:13     | Learned a level 3 spell: Mephitic Cloud
 23919 | D:13     | Noticed a seven-headed hydra
 23924 | D:13     | Killed a seven-headed hydra
 24209 | D:13     | Reached skill level 1 in Armour
 24480 | D:14     | Gained mutation: You cannot be stealthy. [Ru sacrifice]
 24482 | D:14     | Noticed a centaur warrior
 24937 | D:14     | Noticed a vault guard
 24942 | D:14     | Killed a centaur warrior
 25081 | D:14     | Killed a vault guard
 25081 | D:14     | Reached XP level 13. HP: 98/98 MP: 27/27
 25369 | D:14     | Noticed a vault guard
 25510 | D:13     | Killed a vault guard
 25646 | D:14     | Noticed a vault guard
 25807 | D:13     | Killed a vault guard
 26021 | D:14     | Noticed a vault guard
 26039 | D:14     | Killed a vault guard
 26138 | D:14     | Found a gate to the Vaults.
 27169 | D:14     | Noticed Agnes
 27172 | D:14     | Killed Agnes
 27212 | D:14     | Noticed Azrael
 27233 | D:14     | Killed Azrael
 27366 | D:14     | Noticed a tengu reaver
 27377 | D:14     | Killed a tengu reaver
 27377 | D:14     | Reached skill level 13 in Fighting
 27377 | D:14     | Reached skill level 10 in Long Blades
 27536 | D:14     | Noticed a yaktaur captain
 27710 | D:13     | Learned a level 2 spell: Repel Missiles
 27760 | D:14     | Killed a yaktaur captain
 27960 | D:14     | Noticed an orc warlord
 27979 | D:14     | Noticed a yaktaur captain
 28393 | Lair:1   | Entered Level 1 of the Lair of Beasts
 28825 | Lair:1   | Reached skill level 5 in Armour
 29091 | Lair:1   | Reached XP level 14. HP: 106/106 MP: 3/28
 29301 | Lair:1   | Reached skill level 10 in Spellcasting
 31490 | Lair:2   | Reached skill level 10 in Conjurations
 32256 | Lair:3   | Found a dark tunnel.
 32263 | Volcano  | Entered a volcano
 33139 | Lair:3   | Found a staircase to the Swamp.
 34021 | Lair:4   | Identified a +0 pair of boots of running (You found it on level 4 of the Lair of Beasts)
 36954 | Lair:6   | Found a hole to the Spider Nest.
 36986 | Lair:6   | Reached skill level 14 in Dodging
 37467 | Lair:7   | Found a staircase to the Slime Pits.
 37537 | Lair:7   | Got a slimy ring mail
 39010 | Lair:8   | Entered Level 8 of the Lair of Beasts
 39046 | Lair:8   | Noticed Maud
 39055 | Lair:8   | Killed Maud
 39055 | Lair:8   | Reached XP level 15. HP: 110/110 MP: 5/31
 39063 | Lair:8   | Learned a level 6 spell: Bolt of Fire
 40869 | Lair:8   | Identified the cursed +1 ring mail of Shielding {rF+ rN+ Regen+ Dex-2} (You found it on level 7 of the Lair of Beasts)
 41411 | Lair:7   | Reached skill level 15 in Dodging
 41728 | Lair:8   | Noticed Nessos
 41735 | Lair:8   | Killed Nessos
 42856 | Orc:1    | Entered Level 1 of the Orcish Mines
 42856 | Orc:1    | Found a roughly hewn altar of Beogh.
 42917 | Orc:1    | Found Bannudi's Weapon Shoppe.
 43229 | Orc:1    | Found a frozen archway.
 43239 | IceCv    | Entered an ice cave
 43854 | IceCv    | Got a brightly glowing demon blade
 43858 | IceCv    | Identified the +7 demon blade of Crawling {pain, +Fly Int+3} (You found it in an ice cave)
 45227 | Orc:3    | You fall through a shaft!
 45227 | Orc:4    | Entered Level 4 of the Orcish Mines
 45299 | Orc:3    | Found a flagged portal.
 45317 | Bailey   | Entered a bailey
 46612 | Orc:4    | Found Gaefuh's Antique Weapon Emporium.
 46634 | Orc:4    | Found a shimmering altar of Xom.
 46662 | Orc:4    | Reached skill level 1 in Shields
 46670 | Orc:4    | Reached XP level 16. HP: 97/117 MP: 1/33
 46858 | Orc:4    | Found a staircase to the Elven Halls.
 46860 | Orc:4    | Found Etwom's General Store.
 46987 | Orc:4    | Gained mutation: You are frail (-10% HP). [a neqoxec]
 47142 | Orc:4    | Found Fimn's Jewellery Shop.
 47153 | Orc:4    | Reached skill level 15 in Conjurations
 47317 | Orc:4    | Bought the ring "Fec Sujoemud" {rPois rC+ Str+5 Slay+2} for 745 gold pieces
 47317 | Orc:4    | Bought the amulet "Looguoh" {Ward rN+ MR+ Str+2 Slay+3 SInv} for 534 gold pieces
 47352 | Orc:4    | Bought a scroll of amnesia for 52 gold pieces
 47408 | Orc:4    | Found Jingozen's Antique Armour Emporium.
 47410 | Orc:4    | Noticed Rupert
 47423 | Orc:4    | Killed Rupert
 47441 | Orc:4    | Bought a heavily runed helmet for 342 gold pieces
 47452 | Orc:4    | Identified the +0 helmet of Cyter {rElec Int+8 Slay-4} (You bought it in a shop on level 4 of the Orcish Mines)
 47730 | Orc:4    | Learned a level 6 spell: Iron Shot
 47776 | Elf:1    | Entered Level 1 of the Elven Halls
 47835 | Elf:1    | Reached skill level 1 in Earth Magic
 48422 | Elf:1    | Noticed Mysteryquy's ghost (adept HOFi)
 48442 | Elf:1    | Killed Mysteryquy's ghost
 48570 | Elf:1    | Reached skill level 5 in Shields
 49017 | Elf:1    | Found Ceczisic's General Store.
 49534 | Elf:1    | Identified Otteuxe's Collected Works on Curses and Aid (You found it on level 1 of the Elven Halls)
 50680 | Elf:2    | Found a huge runed gate.
 50680 | Elf:2    | Found a huge runed gate.
 50680 | Elf:2    | Found a huge runed gate.
 50680 | Elf:2    | Found a huge runed gate.
 50681 | Elf:2    | Found a huge runed gate.
 50982 | D:12     | Noticed a hill giant
 50984 | D:12     | Killed a hill giant
 51153 | Swamp:1  | Entered Level 1 of the Swamp
 53847 | Swamp:2  | Reached XP level 17. HP: 109/109 MP: 24/36
 56791 | Swamp:3  | Reached skill level 10 in Shields
 57013 | Swamp:3  | Reached skill level 15 in Spellcasting
 57441 | Swamp:4  | Entered Level 4 of the Swamp
 57563 | Swamp:4  | Noticed Rogan's ghost (journeyman MiBe)
 61330 | Swamp:4  | Noticed a bone dragon
 61355 | Swamp:3  | Killed a bone dragon
 62580 | Swamp:4  | Killed Rogan's ghost
 62681 | Swamp:4  | Reached skill level 16 in Spellcasting
 63483 | Swamp:4  | Learned a level 1 spell: Apportation
 63486 | Swamp:4  | Got a decaying rune of Zot
 63777 | Lair:3   | Learned a level 7 spell: Delayed Fireball
 64267 | Spider:1 | Entered Level 1 of the Spider Nest
 65515 | Spider:1 | Reached XP level 18. HP: 113/115 MP: 28/39
 67360 | Spider:2 | Noticed Arachne
 67365 | Spider:2 | Killed Arachne
 69485 | Spider:4 | Entered Level 4 of the Spider Nest
 71626 | Spider:4 | Reached skill level 10 in Armour
 73592 | Spider:4 | Got a gossamer rune of Zot
 73938 | Lair:5   | Reached XP level 19. HP: 121/121 MP: 23/40
 74005 | Lair:2   | stash
 74235 | D:14     | Killed an orc warlord
 74451 | D:14     | Killed a yaktaur captain
 74530 | D:14     | Noticed Josephine
 74535 | D:14     | Killed Josephine
 74827 | D:15     | Entered Level 15 of the Dungeon
 75308 | D:15     | Found a staircase to the Depths.
 75345 | D:15     | Found a basalt altar of Yredelemnul.
 75598 | D:15     | Noticed a centaur warrior
 75602 | D:15     | Killed a centaur warrior
 76061 | D:15     | Found Zeshrarch's Food Shoppe.
 76075 | D:15     | Bought a meat ration for 60 gold pieces
 76075 | D:15     | Bought a bread ration for 60 gold pieces
 76075 | D:15     | Bought a meat ration for 60 gold pieces
 76075 | D:15     | Bought a meat ration for 60 gold pieces
 76075 | D:15     | Bought a bread ration for 60 gold pieces
 76075 | D:15     | Bought 3 fruits for 54 gold pieces
 76472 | D:15     | Found a burning altar of Makhleb.
 76921 | Depths:1 | Entered Level 1 of the Depths
 77494 | Depths:1 | Reached skill level 15 in Fighting
 78121 | Depths:1 | Noticed cba's ghost (journeyman FeMo)
 79723 | Depths:1 | Killed cba's ghost
 81770 | Depths:1 | Found a gateway to Hell.
 82042 | Depths:1 | Found a one-way gate to the infinite horrors of the Abyss.
 82236 | Depths:1 | Reached XP level 20. HP: 129/129 MP: 29/41
 84313 | Depths:2 | Found Goner's Gadget Emporium.
 84428 | Depths:2 | Noticed Louise
 84438 | Depths:2 | Killed Louise
 86159 | Depths:3 | Found a one-way gate leading to the halls of Pandemonium.
 87037 | Depths:3 | Reached skill level 1 in Charms
 87413 | Depths:3 | HP: 5/133 [spriggan defender/enchanted quick blade (7)]
 89193 | Depths:3 | Identified a scroll of acquirement
 89894 | Depths:4 | Reached skill level 5 in Charms
 90755 | Depths:4 | Found a gateway to a ziggurat.
 91792 | Lair:2   | Learned a level 7 spell: Spellforged Servitor
 91948 | D:8      | Bought a scroll of acquirement for 676 gold pieces
 91948 | D:8      | Bought a slice of pizza for 19 gold pieces
 92138 | Orc:4    | Bought a pair of runed boots for 162 gold pieces
 92188 | Orc:4    | Bought a potion of heal wounds for 75 gold pieces
 92192 | Orc:4    | Got an ancient shield
 92203 | Orc:4    | Identified the +6 shield "Obukoaq" {rC+ MR++ SInv} (You acquired it on level 4 of the Orcish Mines)
 92525 | Lair:2   | Reached XP level 21. HP: 138/138 MP: 31/42
 92526 | Lair:2   | Reached skill level 17 in Dodging
 92629 | Slime:1  | Entered Level 1 of the Pits of Slime
 93649 | Slime:2  | Gained mutation: You expend magic power (3 MP) to strengthen your wands. [a shining eye]
 93681 | Slime:2  | Reached skill level 1 in Summonings
 97500 | Slime:2  | Gained mutation: You are weak. (Str -2) [a shining eye]
 98924 | Slime:4  | Gained mutation: You evolve. [a shining eye]
100142 | Slime:4  | Gained mutation: You occasionally shout uncontrollably at your foes. [a shining eye]
101439 | Slime:6  | Entered Level 6 of the Pits of Slime
101493 | Slime:5  | Lost mutation: You evolve. [end of evolution]
102000 | Slime:6  | Noticed the royal jelly
102694 | Elf:3    | Entered Level 3 of the Elven Halls
102762 | Elf:3    | Found Ywyufep's General Store.
102801 | Elf:3    | Noticed Norris
102809 | Elf:3    | Killed Norris
102809 | Elf:3    | Reached skill level 5 in Summonings
103915 | Elf:3    | Reached XP level 22. HP: 145/145 MP: 19/44
104833 | Elf:3    | Got a serpentine brass ring
105007 | Elf:3    | Reached skill level 18 in Conjurations
105994 | Elf:3    | Identified the Compendium of Enchanting Calling (You found it on level 3 of the Elven Halls)
106113 | Elf:3    | Got a pair of translucent gloves
106124 | Elf:3    | Identified the cursed +0 pair of gloves "Roumpeqi" {Str+8} (You found it on level 3 of the Elven Halls)
106237 | Elf:3    | Got an amber-studded scale mail
106257 | Elf:3    | Identified the +3 scale mail of Tulips {MR+ Int+3} (You took it off a deep elf blademaster on level 3 of the Elven Halls)
106284 | Elf:3    | Identified the ring of Moderation {EV+4 Slay+5} (You took it off a deep elf sorcerer on level 3 of the Elven Halls)
106336 | Elf:3    | Got a serpentine gossamer ring
106368 | Elf:3    | Bought a meat ration for 50 gold pieces
106368 | Elf:3    | Bought a scroll of identify for 20 gold pieces
106597 | Elf:3    | Identified the ring "Qeygestrugo" {Dex+4 Stlth-} (You took it off a deep elf annihilator on level 3 of the Elven Halls)
106889 | Elf:2    | Noticed a deep elf blademaster
106895 | Elf:2    | Killed a deep elf blademaster
107672 | Elf:2    | Reached skill level 5 in Earth Magic
108603 | Elf:1    | Bought a scroll of remove curse for 33 gold pieces
109001 | Lair:2   | Learned a level 3 spell: Regeneration
109259 | Depths:5 | Entered Level 5 of the Depths
110160 | Depths:5 | Noticed Frederick
110163 | Depths:5 | Killed Frederick
110382 | Depths:5 | Reached skill level 19 in Conjurations
112472 | Depths:5 | Reached XP level 23. HP: 151/151 MP: 1/45
112630 | Depths:5 | Reached skill level 15 in Armour
114882 | Depths:5 | Noticed a juggernaut
115122 | Depths:5 | Killed a juggernaut
117155 | Depths:5 | Found a gate to the Realm of Zot.
118645 | Vaults:1 | Entered Level 1 of the Vaults
120533 | Vaults:1 | Got a steaming plate armour
121174 | Vaults:1 | Identified the cursed +1 plate armour of the Countless Realms {rPois Str+2} (You took it off a vault warden on level 1 of the Vaults)
121543 | Vaults:1 | Noticed Asterion
121550 | Vaults:1 | Killed Asterion
122670 | Vaults:2 | Reached XP level 24. HP: 146/153 MP: 3/47
122847 | Vaults:2 | Got a pair of slimy gloves
122978 | Vaults:2 | Identified the +2 pair of gloves "Zomezex" {rN+ MR+} (You found it on level 2 of the Vaults)
123649 | Vaults:2 | Noticed Nikola
123658 | Vaults:2 | Killed Nikola
124404 | Vaults:2 | Found Nuopuidd's Magic Scroll Shop.
126077 | Vaults:3 | Found a staircase to the Crypt.
126077 | Vaults:3 | Found a basalt altar of Yredelemnul.
126077 | Vaults:3 | Found an ancient bone altar of Kikubaaqudgha.
128726 | Vaults:4 | Reached skill level 20 in Spellcasting
130089 | Vaults:4 | Reached skill level 1 in Air Magic
130831 | Vaults:4 | Found Soelaj's Food Boutique.
131079 | Vaults:4 | Reached skill level 5 in Air Magic
132324 | Vaults:5 | Entered Level 5 of the Vaults
132686 | Vaults:5 | Noticed an ancient lich
132691 | Vaults:5 | Reached XP level 25. HP: 120/158 MP: 18/48
132701 | Vaults:5 | Noticed Sojobo
132903 | Vaults:4 | Killed an ancient lich
133087 | Vaults:4 | Reached skill level 10 in Air Magic
134409 | Vaults:4 | Killed Sojobo
134751 | Vaults:5 | Got a brightly glowing copper ring
134775 | Vaults:4 | Got a glittering tin ring
137016 | Vaults:5 | Got a silver rune of Zot
137401 | Vaults:5 | Found Zaemino's Food Shoppe.
137416 | Vaults:5 | Found Bicwied's Food Emporium.
137416 | Vaults:5 | Found Urphavve's Food Shop.
138030 | Vaults:5 | Identified the ring of the Republic {Str+3 Dex+6} (You found it on level 5 of the Vaults)
138032 | Vaults:5 | Identified the ring "Megut" {rF+++ Dex+6} (You took it off a tengu reaver on level 4 of the Vaults)
138134 | Vaults:5 | Got a bloodstained scale mail
138148 | Vaults:5 | Identified the +2 scale mail "Hiheraed" {rN+ SInv Stlth-} (You found it on level 5 of the Vaults)
138300 | Vaults:5 | Got a glittering bronze ring
138302 | Vaults:5 | Identified the ring of the Heron {rC+ Dex+5} (You took it off a yaktaur on level 5 of the Vaults)
138338 | Vaults:5 | Got a jewelled rapier
138339 | Vaults:5 | Identified the +7 rapier of the Open Hand {pierce, rC+ MR+ Int+4} (You found it on level 5 of the Vaults)
138504 | Vaults:5 | Bought a meat ration for 70 gold pieces
138504 | Vaults:5 | Bought a bread ration for 70 gold pieces
138504 | Vaults:5 | Bought a meat ration for 70 gold pieces
138504 | Vaults:5 | Bought a bread ration for 70 gold pieces
138504 | Vaults:5 | Bought a bread ration for 70 gold pieces
138504 | Vaults:5 | Bought a meat ration for 70 gold pieces
138504 | Vaults:5 | Bought a meat ration for 70 gold pieces
138504 | Vaults:5 | Bought a bread ration for 70 gold pieces
138504 | Vaults:5 | Bought a meat ration for 70 gold pieces
138504 | Vaults:5 | Bought a meat ration for 70 gold pieces
138504 | Vaults:5 | Bought a slice of pizza for 21 gold pieces
138547 | Vaults:5 | Bought a bread ration for 50 gold pieces
138547 | Vaults:5 | Bought a slice of pizza for 15 gold pieces
138547 | Vaults:5 | Bought a beef jerky for 15 gold pieces
138547 | Vaults:5 | Bought a beef jerky for 15 gold pieces
138547 | Vaults:5 | Bought a bread ration for 50 gold pieces
138547 | Vaults:5 | Bought a bread ration for 50 gold pieces
138547 | Vaults:5 | Bought a beef jerky for 15 gold pieces
138547 | Vaults:5 | Bought a meat ration for 50 gold pieces
138547 | Vaults:5 | Bought 2 fruits for 30 gold pieces
138547 | Vaults:5 | Bought a beef jerky for 15 gold pieces
138547 | Vaults:5 | Bought a meat ration for 50 gold pieces
138547 | Vaults:5 | Bought a meat ration for 50 gold pieces
138547 | Vaults:5 | Bought a meat ration for 50 gold pieces
138547 | Vaults:5 | Bought a meat ration for 50 gold pieces
138547 | Vaults:5 | Bought a beef jerky for 15 gold pieces
138547 | Vaults:5 | Bought a bread ration for 50 gold pieces
138557 | Vaults:5 | Bought a meat ration for 60 gold pieces
138557 | Vaults:5 | Bought a bread ration for 60 gold pieces
138557 | Vaults:5 | Bought a meat ration for 60 gold pieces
138557 | Vaults:5 | Bought a meat ration for 60 gold pieces
138557 | Vaults:5 | Bought a bread ration for 60 gold pieces
138557 | Vaults:5 | Bought a bread ration for 60 gold pieces
138557 | Vaults:5 | Bought 4 fruits for 72 gold pieces
138557 | Vaults:5 | Bought a royal jelly for 24 gold pieces
138598 | Vaults:5 | Reached skill level 15 in Air Magic
139123 | Lair:2   | Learned a level 6 spell: Deflect Missiles
139131 | Lair:2   | Learned a level 5 spell: Lee's Rapid Deconstruction
139639 | Slime:6  | Killed the royal jelly
139639 | Slime:6  | Reached XP level 26. HP: 167/167 MP: 13/48
139663 | Slime:5  | HP: 2/171 [acid blob[the royal jelly] (27)]
139663 | Slime:5  | Splashed by an acid blob's acid

Action                   |  1- 3 |  4- 6 |  7- 9 | 10-12 | 13-15 | 16-18 | 19-21 | 22-24 | 25-27 || total
-------------------------+-------+-------+-------+-------+-------+-------+-------+-------+-------++-------
Melee: Unarmed           |     1 |       |       |       |       |       |       |       |       ||     1
       Spear             |    12 |       |       |       |       |       |       |       |       ||    12
       Short sword       |       |    28 |    43 |       |       |       |       |       |       ||    71
       Falchion          |       |       |    45 |     7 |       |       |       |       |       ||    52
       Dire flail        |       |       |       |    95 |       |       |       |       |       ||    95
       Great sword       |       |       |       |    69 |   100 |       |       |       |       ||   169
       Scimitar          |       |       |       |       |   682 |       |       |       |       ||   682
       Staff             |       |       |       |       |    32 |       |       |       |       ||    32
       Demon blade       |       |       |       |       |    92 |   798 |   746 |   199 |   267 ||  2102
       Long sword        |       |       |       |       |       |       |       |   508 |       ||   508
       Rapier            |       |       |       |       |       |       |       |       |    67 ||    67
 Cast: Flame Tongue      |    39 |    10 |   306 |   582 |    82 |     2 |       |     1 |       ||  1022
       Throw Flame       |    33 |   127 |   167 |   209 |    81 |    17 |     5 |     4 |     1 ||   644
       Conjure Flame     |     2 |     1 |    16 |    66 |    58 |     4 |     2 |     4 |       ||   153
       Sticky Flame      |       |       |     5 |    34 |   159 |    76 |    10 |    18 |     6 ||   308
       Fireball          |       |       |       |    30 |   148 |   123 |    76 |    39 |     8 ||   424
       Iskenderun's Myst |       |       |       |    51 |   340 |    47 |     6 |    35 |     4 ||   483
       Gell's Gravitas   |       |       |       |     8 |    13 |       |       |       |       ||    21
       Mephitic Cloud    |       |       |       |     4 |    16 |     1 |     1 |       |       ||    22
       Repel Missiles    |       |       |       |       |     1 |     1 |     3 |     4 |     2 ||    11
       Bolt of Fire      |       |       |       |       |    28 |   233 |   363 |   352 |    50 ||  1026
       Iron Shot         |       |       |       |       |       |   302 |   470 |   497 |   192 ||  1461
       Delayed Fireball  |       |       |       |       |       |     4 |    17 |    20 |     6 ||    47
       Apportation       |       |       |       |       |       |     1 |       |     2 |       ||     3
       Spellforged Servi |       |       |       |       |       |       |     3 |     1 |     1 ||     5
       Regeneration      |       |       |       |       |       |       |       |     5 |     6 ||    11
       Deflect Missiles  |       |       |       |       |       |       |       |       |     1 ||     1
Invok: Sacrifice Words   |       |       |     1 |       |       |       |       |       |       ||     1
       Power Leap        |       |       |       |     6 |     8 |       |     2 |       |       ||    16
       Sacrifice Artific |       |       |       |     1 |       |       |       |       |       ||     1
       Reject Sacrifices |       |       |       |     1 |     1 |       |       |       |       ||     2
       Sacrifice Health  |       |       |       |     1 |       |       |       |       |       ||     1
       Sacrifice Stealth |       |       |       |     1 |       |       |       |       |       ||     1
       Draw Out Power    |       |       |       |       |     1 |       |     1 |       |       ||     2
       Apocalypse        |       |       |       |       |       |       |       |     1 |     1 ||     2
 Abil: Release Delayed F |       |       |       |       |       |     4 |    17 |    19 |     7 ||    47
Evoke: Wand              |       |       |     2 |       |       |       |       |       |       ||     2
  Use: Scroll            |     5 |       |    14 |     9 |    12 |     6 |     9 |     5 |     5 ||    65
       Potion            |       |       |     1 |     3 |    10 |       |     6 |     1 |     2 ||    23
 Stab: Sleeping          |       |     1 |       |       |       |       |       |       |       ||     1
       Distracted        |       |       |       |     1 |     2 |     9 |     3 |     2 |       ||    17
       Invisible         |       |       |       |     1 |    12 |    10 |     5 |     3 |    10 ||    41
       Paralysed         |       |       |       |       |    12 |     2 |     7 |     5 |     2 ||    28
       Confused          |       |       |       |       |     2 |       |     1 |       |       ||     3
  Eat: Chunk             |     7 |    11 |     8 |    31 |    72 |    47 |    67 |    67 |    21 ||   331
       Bread ration      |       |     1 |     2 |       |     2 |     1 |     1 |       |       ||     7
       Beef jerky        |       |       |     2 |       |     1 |     2 |       |     3 |       ||     8
       Pizza             |       |       |       |     2 |     1 |       |     3 |       |       ||     6
       Meat ration       |       |       |       |     5 |     4 |     7 |     7 |     3 |       ||    26
       Fruit             |       |       |       |       |       |     2 |     3 |       |       ||     5
